 Dungeon Crawl Stone Soup version 0.22.1-6-g1668fe2c40 (webtiles) character file.

11789 Ivernyr the Frost Mage (level 11, -9/81 HPs)
             Began as a Naga Ice Elementalist on Jan 16, 2019.
             Was a High Priest of Cheibriados.
             Mangled by a komodo dragon (30 damage)
             ... on level 11 of the Dungeon.
             The game lasted 02:12:56 (14571 turns).

Ivernyr the Frost Mage (Naga Ice Elementalist)     Turns: 14571, Time: 02:12:57

Health: -9/81      AC: 21    Str: 23    XL:     11   Next: 83%
Magic:  0/18       EV:  8    Int: 40    God:    Cheibriados [*****.]
Gold:   661        SH:  8    Dex: 29    Spells: 3/20 levels left

rFire    + . .     SeeInvis +   B - +2 trident (venom)
rCold    . . .     Gourm    .   m - +0 buckler
rNeg     . . .     Faith    .   C - +3 leather armour "Amafijoe" {rF+ Dex+6}
rPois    +         Spirit   .   (no helmet)
rElec    .         Reflect  .   (no cloak)
rCorr    .         Harm     .   (no gloves)
MR       +....                  f - +0 naga barding
Stlth    +++.......             (no amulet)
HPRegen  0.23/turn              x - +4 ring of intelligence
MPRegen  0.16/turn              s - +5 ring of intelligence

@: lethally poisoned (-9 -> -9), icy armour, drained, very slow
A: large, see invisible, deformed body, poison resistance, slowness 2, slow
metabolism 1, spit poison 1, AC +3
a: Spit Poison, Bend Time, Temporal Distortion, Slouch, Step From Time, Renounce
Religion


You were on level 11 of the Dungeon.
You worshipped Cheibriados.
Cheibriados was extremely pleased with you.
You were not hungry.

You visited 2 branches of the dungeon, and saw 12 of its levels.

You collected 661 gold pieces.

Inventory:

Hand Weapons
 B - a +2 trident of venom (weapon)
Armour
 f - a +0 naga barding (worn)
 m - a +0 buckler (worn)
 C - the +3 leather armour "Amafijoe" (worn) {rF+ Dex+6}
   (You took it off an orc on level 6 of the Dungeon)

   It affects your dexterity (+6).
   It protects you from fire.
Jewellery
 a - an uncursed ring of resist corrosion
 d - an uncursed ring of protection from fire {unknown}
 s - a +5 ring of intelligence (right hand)
 v - a cursed amulet of inaccuracy
 x - a +4 ring of intelligence (left hand)
 y - an uncursed amulet of the gourmand
 I - an uncursed ring of magical power {unknown}
Wands
 o - a wand of polymorph (17)
 p - a wand of iceblast (2)
 E - a wand of flame (16)
Scrolls
 e - 8 scrolls of remove curse
 h - 3 scrolls of teleportation
 j - 3 scrolls of fear
 q - 2 scrolls of enchant weapon
 t - 2 scrolls of blinking {unknown}
 u - 4 scrolls of fog {unknown}
 A - a scroll of enchant armour {unknown}
 F - a scroll of noise {unknown}
 G - a scroll of amnesia {unknown}
 H - a scroll of magic mapping {unknown}
Potions
 g - 2 potions of heal wounds {unknown}
 i - a potion of might {unknown}
 k - 7 potions of brilliance
 l - 2 potions of degeneration {unknown}
 n - 3 potions of cancellation {unknown}
 r - 2 potions of berserk rage {unknown}
 w - a potion of ambrosia {unknown}
 z - a potion of flight {unknown}
 D - 2 potions of mutation {unknown}
 J - a potion of resistance {unknown}
Comestibles
 c - 17 rations


   Skills:
 - Level 2.0(1.7) Dodging
 - Level 3.0(2.7) Stealth
 + Level 6.9(6.6) Shields
 - Level 5.2(4.9) Spellcasting
 + Level 7.6(7.3) Conjurations
 * Level 12.1(11.7) Ice Magic
 + Level 7.3(7.0) Invocations


You had 3 spell levels left.
You knew the following spells:

 Your Spells              Type           Power        Failure   Level  Hunger
a - Freeze                Ice            ####         1%          1    None
b - Throw Frost           Conj/Ice       ######       1%          2    None
c - Ozocubu's Armour      Chrm/Ice       ######..     1%          3    None
d - Throw Icicle          Conj/Ice       ######..     1%          4    ##.....
e - Summon Ice Beast      Ice/Summ       ######..     3%          4    ##.....
f - Static Discharge      Conj/Air       #####...     2%          3    None

Your spell library contained the following spells:

 Spells                   Type           Power        Failure   Level  Hunger
 Animate Skeleton         Necr           N/A          3%          1    None
 Apportation              Tloc           #.....       3%          1    None
 Confusing Touch          Hex            #.....       3%          1    None
 Summon Small Mammal      Summ           #...         3%          1    None
 Poisonous Vapours        Pois/Air       #.....       5%          2    None
 Bolt of Fire             Conj/Fire      #####.....   75%         6    ######.
 Orb of Destruction       Conj           ######....   80%         7    #######


Dungeon Overview and Level Annotations

Branches:
Dungeon (11/15)            Temple (1/1) D:5             Orc (0/2) D:9
   Lair: D:8-11

Altars:
Cheibriados
Dithmenos
Elyvilon
Fedhas
Gozag
Hepliaklqana
Kikubaaqudgha
Makhleb
Qazlal
Ru
Sif Muna
Uskayaw
Xom
Yredelemnul
Zin
The Shining One

Shops:
D:5 *


Innate Abilities, Weirdness & Mutations

You cannot wear boots.
Your serpentine skin is tough. (AC +3)
You have supernaturally acute eyesight. (SInv)
Armour fits poorly on your strangely shaped body.
Your system is resistant to poisons. (rPois)
You cover ground very slowly.
You have a slow metabolism.
You can spit poison.


Message History

You freeze the komodo dragon.
The komodo dragon seems to slow down.
The komodo dragon is heavily wounded.
Casting: Freeze (safe; 1% risk of failure)
Confirm with . or Enter, or press ? or * to list all spells.
Aiming: Freeze (safe; 1% risk of failure)
Press: ? - help, Shift-Dir - straight line, f/p - komodo dragon
Aim: a komodo dragon (heavily wounded, slow, poisoned)
You freeze the komodo dragon.
The komodo dragon is severely wounded.
You have got your breath back.
The komodo dragon hisses menacingly.
The komodo dragon bites you but does no damage.
You barely miss the komodo dragon.
The komodo dragon is almost dead.
The komodo dragon looks more healthy.
You block the komodo dragon's attack.
You hit the komodo dragon but do no damage.
The komodo dragon is poisoned.
The komodo dragon is almost dead.
You feel sick. The komodo dragon bites you!!
You die...

... ... ... .## .P #.
P.. ..# #. .... ..### #.
....########.... ### #.
#.....l@....... #.#####
#.....†.†....## #......
#............#####.#####
#..................####.
.............#####.#.###
########.....#...#......
#.....#...#.#.###
#.....#...#####..
#.....'.....#....


You could see a komodo dragon.

Vanquished Creatures
  Harold (D:8)
  Erolcha (D:10)
  An unseen horror (D:11)
  Psyche (D:11)
  Prince Ribbit (D:8)
  2 hippogriffs (D:8)
  A slime creature (D:10)
  Sigmund (D:3)
  A spriggan (D:10)
  2 wyverns
  A vampire (D:10)
  Grum (D:8)
  A shadow (D:11)
  Eustachio (D:5)
  A hungry ghost (D:7)
  Duvessa (D:7)
  2 ice beasts (D:11)
  An orc warrior (D:5)
  An eye of draining (D:11)
  4 black bears
  A necrophage (D:8)
  2 sky beasts
  4 phantoms
  3 wolves (D:8)
  5 ogres
  5 centaurs
  A big kobold (D:3)
  7 bullfrogs
  Dowan (D:7)
  2 scorpions (D:11)
  20 killer bees
  An electric eel (D:6)
  12 wights
  5 howler monkeys
  5 crimson imps
  A bullfrog zombie (D:11)
  A centaur zombie (D:6)
  A gnoll shaman (D:8)
  6 jellies
  3 centaur skeletons
  5 orc priests
  7 hounds
  Jessica (D:2)
  2 bullfrog skeletons
  3 worker ants
  Natasha (thrice) (D:4)
  An iguana (D:2)
  5 orc wizards
  A hound skeleton (D:6)
  2 howler monkey zombies
  A howler monkey skeleton (D:6)
  4 gnolls (D:8)
  13 adders
  4 shadow imps
  15 oozes
  An adder zombie (D:6)
  2 worms (D:3)
  2 dart slugs
  6 leopard geckos
  29 orcs
  4 ball pythons
  6 giant cockroaches
  9 goblins
  7 hobgoblins
  5 jackals
  3 quokkas
  8 bats
  4 frilled lizards
  7 kobolds
  A leopard gecko zombie (D:7)
  A quokka skeleton (D:3)
  5 rats
279 creatures vanquished.

Vanquished Creatures (collateral kills)
  A two-headed ogre (D:9)
  An ogre (D:9)
  An adder (D:6)
3 creatures vanquished.

Vanquished Creatures (others)
  An ice beast (D:5)
  7 fungi (D:10)
  3 plants (D:11)
11 creatures vanquished.

Grand Total: 293 creatures vanquished

Notes
Turn   | Place    | Note
-------+----------+-------------------------------------------
     0 | D:1      | Ivernyr the Naga Ice Elementalist began the quest for the
                  | Orb.
     0 | D:1      | Reached XP level 1. HP: 15/15 MP: 3/3
   173 | D:1      | Reached XP level 2. HP: 22/22 MP: 0/5
   228 | D:1      | Learned a level 2 spell: Throw Frost
   741 | D:1      | Reached XP level 3. HP: 28/28 MP: 4/7
   773 | D:1      | Learned a level 3 spell: Ozocubu's Armour
  1314 | D:2      | Reached XP level 4. HP: 25/36 MP: 5/8
  1440 | D:2      | Reached skill level 4 in Ice Magic
  1552 | D:2      | Reached skill level 1 in Shields
  1561 | D:2      | Noticed Jessica
  1566 | D:2      | Killed Jessica
  1566 | D:2      | Reached XP level 5. HP: 28/42 MP: 9/9
  1985 | D:3      | Reached XP level 6. HP: 49/49 MP: 8/11
  2414 | D:3      | Reached skill level 5 in Ice Magic
  2585 | D:4      | Noticed Sigmund
  2595 | D:3      | Killed Sigmund
  2595 | D:3      | Reached XP level 7. HP: 32/55 MP: 3/13
  2751 | D:4      | Reached skill level 6 in Ice Magic
  3018 | D:4      | Noticed Natasha
  3031 | D:4      | Killed Natasha
  3260 | D:4      | Noticed Natasha
  3266 | D:4      | Killed Natasha
  3395 | D:4      | Noticed Natasha
  3401 | D:4      | Killed Natasha
  3645 | D:5      | Entered Level 5 of the Dungeon
  3746 | D:5      | Noticed Eustachio
  3816 | D:5      | Killed Eustachio
  3816 | D:5      | Reached XP level 8. HP: 62/62 MP: 2/14
  3960 | D:5      | Found Yfewk's Assorted Antiques.
  4123 | D:5      | Reached skill level 7 in Ice Magic
  4353 | D:5      | Learned a level 4 spell: Throw Icicle
  4358 | D:5      | Learned a level 4 spell: Summon Ice Beast
  4571 | D:5      | Found a staircase to the Ecumenical Temple.
  4580 | Temple   | Entered the Ecumenical Temple
  4608 | Temple   | Became a worshipper of Cheibriados the Contemplative
  4857 | D:6      | Reached skill level 5 in Spellcasting
  4997 | D:6      | Found a hide-covered altar of Uskayaw.
  4999 | D:6      | Noticed a dagger
  4999 | D:6      | Noticed a dagger
  5186 | D:6      | Reached * piety under Cheibriados
  5247 | D:6      | Got a heavily runed leather armour
  5258 | D:6      | Identified the +3 leather armour "Amafijoe" {rF+ Dex+6}
                  | (You took it off an orc on level 6 of the Dungeon)
  5275 | D:6      | Reached skill level 1 in Invocations
  5275 | D:6      | Reached XP level 9. HP: 45/68 MP: 9/16
  5382 | D:6      | Reached skill level 8 in Ice Magic
  6601 | D:7      | Noticed Duvessa
  6604 | D:7      | Noticed Dowan
  6613 | D:7      | Killed Duvessa
  6615 | D:7      | Killed Dowan
  6624 | D:7      | Reached ** piety under Cheibriados
  6772 | D:7      | Identified the Almanac of Poison and Conjuration
  6779 | D:7      | You fall through a shaft for 3 floors!
  6779 | D:10     | Entered Level 10 of the Dungeon
  6805 | D:10     | Reached skill level 9 in Ice Magic
  7213 | D:7      | Upgraded the game from 0.22.1-5-g62c59d919a to
                  | 0.22.1-6-g1668fe2c40
  7361 | D:7      | Reached skill level 5 in Conjurations
  7518 | D:7      | Reached skill level 5 in Shields
  7518 | D:7      | Reached XP level 10. HP: 58/75 MP: 17/17
  7910 | D:8      | Noticed Prince Ribbit
  8094 | D:8      | Reached *** piety under Cheibriados
  8679 | D:8      | Reached skill level 10 in Ice Magic
  8770 | D:8      | Noticed Grum
  8791 | D:8      | Killed Grum
  9194 | D:8      | Learned a level 3 spell: Static Discharge
  9239 | D:8      | Noticed Harold
  9313 | D:8      | Killed Prince Ribbit
  9442 | D:8      | Reached skill level 5 in Invocations
 10131 | D:8      | Killed Harold
 10131 | D:8      | Reached **** piety under Cheibriados
 10535 | D:9      | Found a staircase to the Orcish Mines.
 10546 | D:9      | Noticed a two-headed ogre
 10557 | D:9      | Killed a two-headed ogre
 10557 | D:9      | Reached XP level 11. HP: 36/81 MP: 1/18
 10560 | D:9      | Reached skill level 11 in Ice Magic
 12244 | D:10     | Noticed Erolcha
 12254 | D:10     | Killed Erolcha
 13284 | D:11     | Noticed Psyche
 13299 | D:11     | Killed Psyche
 13855 | D:11     | Reached ***** piety under Cheibriados
 14236 | D:11     | Noticed an unseen horror
 14253 | D:11     | Killed an unseen horror
 14253 | D:11     | Reached skill level 12 in Ice Magic
 14571 | D:11     | Mangled by a komodo dragon

Skill      XL: |  1  2  3  4  5  6  7  8  9 10 11 |
---------------+----------------------------------+-----
Dodging        | 2 |  2.0
Spellcasting   | 3 4 5 |  5.2
Ice Magic      | 4 5 6 7 9 10 12 | 12.1
Shields        | 1 2 3 4 5 6 |  6.9
Conjurations   | 2 3 5 6 7 |  7.6
Invocations    | 1 3 5 7 |  7.3
Stealth        | |  3.0

Action                   |  1- 3 |  4- 6 |  7- 9 | 10-12 || total
-------------------------+-------+-------+-------+-------++-------
Melee: Spear             |    35 |    38 |    73 |       ||   146
       Trident           |       |       |   128 |   181 ||   309
 Cast: Freeze            |    22 |    43 |   115 |   207 ||   387
       Throw Frost       |     5 |     8 |    38 |    59 ||   110
       Ozocubu's Armour  |       |     1 |    10 |    17 ||    28
       Summon Ice Beast  |       |       |     1 |     1 ||     2
       Static Discharge  |       |       |       |    44 ||    44
Invok: Bend Time         |       |       |       |     2 ||     2
       Slouch            |       |       |       |     1 ||     1
 Abil: Spit Poison       |    21 |    25 |    42 |    28 ||   116
Evoke: Wand              |       |       |    10 |     1 ||    11
  Use: Scroll            |       |       |     6 |     4 ||    10
       Potion            |       |       |       |     8 ||     8
 Stab: Sleeping          |       |       |     1 |       ||     1
  Eat: Chunk             |     2 |     5 |    15 |     9 ||    31
       Ration            |       |       |     4 |     1 ||     5
Armor: Robe              |    12 |    18 |    74 |       ||   104
       Leather armour    |       |       |    89 |   207 ||   296
Dodge: Dodged            |    24 |    27 |   121 |   153 ||   325
Block: Buckler           |       |       |    15 |   161 ||   176
